 Dungeon Crawl Stone Soup version 0.26-b1-59-ge38874ec40 (webtiles) character file.

Game seed: 7461824121266279416

11417 snetch the Protected (level 11, -3/99 HPs)
             Began as a Minotaur Berserker on Jan 7, 2021.
             Was an Elder of Trog.
             Killed from afar by an electric eel (10 damage)
             ... with a bolt of electricity
             ... on level 10 of the Dungeon on Jan 8, 2021.
             The game lasted 00:29:32 (9253 turns).

snetch the Protected (Minotaur Berserker)           Turns: 9253, Time: 00:29:33

Health: -3/99      AC: 19    Str: 30    XL:     11   Next: 49%
Magic:  10/10      EV: 10    Int:  4    God:    Trog [****..]
Gold:   465        SH:  0    Dex: 11    Spells: 10/10 levels left

rFire    . . .     SeeInvis .   a - +2 battleaxe (freeze)
rCold    . . .     Faith    .   (shield currently unavailable)
rNeg     . . .     Spirit   .   X - +0 plate armour
rPois    +         Reflect  .   e - +2 hat {Will+}
rElec    .         Harm     .   (no cloak)
rCorr    .         Rampage  .   F - +0 pair of gloves
Will     +....                  (no boots)
Stlth    ..........             (no amulet)
HPRegen  0.26/turn              R - +6 ring of strength
MPRegen  0.12/turn              s - ring of poison resistance

@: slowed, very slow
A: retaliatory headbutt, horns 2
a: Renounce Religion, Berserk, Trog's Hand, Brothers in Arms


You were on level 10 of the Dungeon.
You worshipped Trog.
Trog was greatly pleased with you.
You visited 2 branches of the dungeon, and saw 11 of its levels.
You also visited: Ossuary.

You collected 613 gold pieces.
You spent 148 gold pieces at shops.

Inventory:

Hand Weapons
 a - a +2 battleaxe of freezing (weapon)
 b - the cursed +2 hand crossbow of the Battered Spirits {freeze, rElec rF+ Int+4 Dex-3}
   (You took it off a vampire on level 9 of the Dungeon)

   It causes projectiles fired from it to freeze those they strike, causing
   extra injury to most foes and up to half again as much damage against
   particularly susceptible opponents.
   They can also slow down cold-blooded creatures.
   It affects your intelligence (+4).
   It affects your dexterity (-3).
   It protects you from fire.
   It insulates you from electricity.
   It has a curse placed upon it.
 c - a +0 trident
 d - a +1 dire flail of protection
Missiles
 f - 71 sling bullets
 j - 2 silver javelins
 o - 11 boomerangs
 p - 76 bolts
 t - 169 arrows
 u - 5 curare-tipped darts
 w - 13 poisoned darts
 B - 335 stones
 Z - 5 atropa-tipped darts
Armour
 e - a +2 hat of willpower (worn)
 F - a +0 pair of gloves (worn)
 X - a +0 plate armour (worn)
Jewellery
 s - a ring of poison resistance (right hand)
 R - a +6 ring of strength (left hand)
Wands
 n - a wand of enslavement (7)
 y - a wand of polymorph (8)
 D - a wand of digging (9)
 H - a wand of random effects (34)
 I - a wand of paralysis (5)
 M - a wand of iceblast (17)
 V - a wand of flame (55)
Scrolls
 h - 2 scrolls of enchant armour {unknown}
 i - 5 scrolls of remove curse
 q - 4 scrolls of teleportation {unknown}
 v - a scroll of torment {unknown}
 x - 2 scrolls of random uselessness {unknown}
 K - a scroll of holy word
 N - a scroll of fear
 O - 4 scrolls of enchant weapon {unknown}
 P - 2 scrolls of fog
 Q - a scroll of summoning
 T - 2 scrolls of vulnerability {unknown}
 U - a scroll of magic mapping {unknown}
 W - a scroll of silence {unknown}
Potions
 g - 3 potions of heal wounds {unknown}
 k - 7 potions of curing
 l - 4 potions of brilliance {unknown}
 z - 2 potions of flight
 A - 2 potions of resistance
 C - a potion of attraction {unknown}
 E - 4 potions of might {unknown}
 G - 9 potions of mutation {unknown}
 J - 2 potions of haste
 L - 2 potions of invisibility {unknown}
 S - 2 potions of berserk rage {unknown}


   Skills:
 + Level 10.0 Fighting
 + Level 7.6(10.3) Axes
 + Level 10.9(11.8) Maces & Flails
 + Level 12.9 Armour
 + Level 4.7 Dodging
 + Level 1.4 Stealth
 - Level 4.8 Shields
 + Level 1.7 Unarmed Combat


You had 10 spell levels left.
You didn't know any spells.
Your spell library contained the following spells:

 Spells                   Type           Power        Failure   Level
 Beastly Appendage        Tmut           0%           98%         1
 Wereblood                Tmut           0%           99%         2
 Confusing Touch          Hex            0%           100%        3
 Gell's Gravitas          Tloc           0%           100%        3
 Spider Form              Tmut/Pois      0%           100%        3
 Ice Form                 Ice/Tmut       0%           100%        4
 Petrify                  Tmut/Erth      0%           100%        4
 Blade Hands              Tmut           0%           100%        5
 Metabolic Englaciation   Hex/Ice        0%           100%        5
 Yara's Violent Unravell  Hex/Tmut       0%           100%        5


Dungeon Overview and Level Annotations

Branches:
Dungeon (10/15)            Temple (1/1) D:4         Ossuary (visited)
   Lair: D:8-11         Orc: D:9-12

Altars:
Ashenzari
Cheibriados
Dithmenos
Elyvilon
Fedhas
Gozag
Hepliaklqana
Kikubaaqudgha
Makhleb
Nemelex Xobeh
Okawaru
Qazlal
Ru
Sif Muna
Trog
Uskayaw
Vehumet
Wu Jian
Xom
Yredelemnul
Zin
The Shining One

Shops:
D:5 *

Annotations:
D:8 water


Innate Abilities, Weirdness & Mutations

You reflexively headbutt those who attack you in melee.
You have a pair of horns on your head.


Message History

B - 335 stones (gained 20)
The electric eel shoots out a bolt of lightning at you!
The bolt of electricity hits you!
* * * LOW HITPOINT WARNING * * *
The two-headed ogre hits you with a +0 dire flail!
* * * LOW HITPOINT WARNING * * *
The two-headed ogre barely misses you.
The electric eel shoots out a bolt of lightning at you!
The bolt of electricity hits you.
* * * LOW HITPOINT WARNING * * *
Okay, then.
A scorpion comes into view.
The two-headed ogre hits you but does no damage.
The two-headed ogre barely misses you.
The electric eel shoots out a bolt of lightning at you!
The bolt of electricity hits you!
* * * LOW HITPOINT WARNING * * *
The electric eel shoots out a bolt of lightning at you!
The bolt of electricity hits you!
You die...

#.# #.......#
#######.#####.......###
#.≈.≈.≈.≈.≈.†.≈.≈...≈.≈
#≈.≈.≈...≈.≈.≈.≈.≈.≈.≈.
#.≈.≈.≈.≈.≈.≈.≈.≈....?.
#≈.≈.≈...≈.≈.≈.≈.≈.≈.≈.
#.≈.≈.≈.≈.≈.≈.≈.≈.≈.≈.≈
.≈.≈.≈...≈.≈.≈.≈.≈.≈.≈.
..≈.≈.≈.≈.≈.≈@O.≈.≈.≈.≈
(≈.≈.≈...≈.≈.≈.≈.;.≈.≈.
#.......≈.≈.≈.≈.≈.≈.≈(≈
#≈.≈.≈.≈.≈.≈.≈.≈.≈.≈.≈.
#.≈.≈.≈.≈.≈.≈.≈.≈.≈.≈.≈
.≈.≈.≈.≈.≈.≈s≈.≈.;.≈.
.≈.≈.≈.≈.≈.≈.≈.≈.≈.≈
.≈.≈.≈.≈.≈.≈.≈.≈.≈.
.≈.≈.≈.≈.≈?≈.≈.≈.


You could see a two-headed ogre, a scorpion and 2 electric eels.

Vanquished Creatures
  Gastronok (D:10)
  2 hydras (D:9)
  A two-headed ogre (D:6)
  A boulder beetle (D:10)
  A centaur warrior (D:9)
  A death knight (D:9)
  A cyclops (D:8)
  2 trolls (D:9)
  A hornet (D:6)
  2 humans (D:7)
  A vampire (D:9)
  A wyvern (D:9)
  Edmund (D:6)
  An acid dragon (D:9)
  Duvessa (D:4)
  2 black bears
  2 orc warriors
  A sky beast (D:8)
  A phantom (D:4)
  3 centaurs
  4 ogres
  3 bullfrogs
  A scorpion (D:7)
  Dowan (D:4)
  5 wights
  4 killer bees
  An electric eel (D:10)
  3 howler monkeys (D:9)
  3 bullfrog zombies
  4 hounds
  2 jellies (D:5)
  5 centaur zombies
  3 orc wizards
  2 orc priests
  3 iguanas
  Ijyb (D:4)
  4 worker ants
  3 big kobold zombies (Ossuary)
  A hound zombie (D:7)
  5 mummies (Ossuary)
  A worker ant zombie (D:8)
  3 gnolls (D:5)
  12 adders
  A howler monkey skeleton (D:9)
  A shadow imp (D:6)
  2 ufetubi
  2 adder skeletons
  An adder zombie (D:5)
  5 worms
  3 dart slugs
  5 leopard geckos
  14 orcs
  A ball python (D:1)
  5 bats
  6 giant cockroaches
  3 goblins
  11 hobgoblins
  4 jackals (D:9)
  4 quokkas
  A ball python skeleton (D:5)
  2 frilled lizards
  4 hobgoblin zombies (Ossuary)
  6 kobolds
  A leopard gecko skeleton (D:8)
  A leopard gecko zombie (D:6)
  7 rats
191 creatures vanquished.

Vanquished Creatures (collateral kills)
  A centaur warrior (D:8)
  A killer bee (D:8)
2 creatures vanquished.

Grand Total: 193 creatures vanquished

Notes
Turn   | Place    | Note
-------+----------+-------------------------------------------
     0 | D:1      | snetch the Minotaur Berserker began the quest for the Orb.
     0 | D:1      | Reached XP level 1. HP: 19/19 MP: 0/0
   394 | D:1      | Reached XP level 2. HP: 27/27 MP: 1/1
  1013 | D:1      | Upgraded the game from 0.26-b1-52-g61e05abef2 to
                  | 0.26-b1-59-ge38874ec40
  1076 | D:2      | Reached ** piety under Trog
  1318 | D:3      | Reached XP level 3. HP: 33/33 MP: 2/2
  1330 | D:3      | Reached skill level 3 in Armour
  1346 | D:4      | Reached skill level 1 in Maces & Flails
  1475 | D:3      | Reached XP level 4. HP: 20/41 MP: 3/3
  1843 | D:2      | Found an opulent altar of Gozag.
  2163 | D:2      | Reached XP level 5. HP: 47/47 MP: 4/4
  2768 | D:4      | Reached skill level 4 in Armour
  2852 | D:5      | Entered Level 5 of the Dungeon
  3009 | D:4      | Noticed Ijyb
  3010 | D:4      | Found a staircase to the Ecumenical Temple.
  3034 | D:4      | Noticed Dowan
  3051 | D:4      | Killed Ijyb
  3068 | D:4      | Killed Dowan
  3069 | D:4      | Reached skill level 5 in Armour
  3069 | D:4      | Reached XP level 6. HP: 46/53 MP: 5/5
  3292 | D:4      | Noticed Duvessa
  3321 | D:4      | Killed Duvessa
  3524 | D:4      | Reached *** piety under Trog
  3525 | D:4      | Reached skill level 6 in Armour
  3536 | D:4      | Reached skill level 5 in Fighting
  3536 | D:4      | Reached skill level 5 in Maces & Flails
  3536 | D:4      | Reached XP level 7. HP: 24/61 MP: 6/6
  4070 | Temple   | Entered the Ecumenical Temple
  4647 | D:6      | Found a blossoming altar of Fedhas.
  4812 | D:6      | Reached skill level 7 in Armour
  4856 | D:6      | Reached skill level 1 in Unarmed Combat
  4889 | D:6      | Noticed a two-headed ogre
  4897 | D:6      | Killed a two-headed ogre
  4898 | D:6      | Reached skill level 8 in Armour
  4898 | D:6      | Reached XP level 8. HP: 47/70 MP: 7/7
  4916 | D:6      | Noticed a hornet
  4921 | D:6      | Noticed Edmund
  4927 | D:6      | Killed a hornet
  4928 | D:6      | Reached skill level 9 in Armour
  4936 | D:6      | Killed Edmund
  4937 | D:6      | Reached XP level 9. HP: 40/75 MP: 8/8
  4953 | D:6      | Found a sand-covered staircase.
  4959 | Ossuary  | Entered an ossuary
  5927 | D:5      | Reached skill level 10 in Armour
  6134 | D:5      | Found Idogail's Assorted Antiques.
  6138 | D:5      | Bought a scroll labelled VEOCVO AGOBO for 19 gold pieces
  6138 | D:5      | Bought a potion of curing for 57 gold pieces
  6138 | D:5      | Bought a sapphire potion for 17 gold pieces
  6138 | D:5      | Bought a purple potion for 17 gold pieces
  6138 | D:5      | Bought a scroll labelled CIUPTOUDEG for 19 gold pieces
  6138 | D:5      | Bought a scroll labelled QUREQIL ZOKOWO for 19 gold pieces
  7141 | D:8      | Noticed a cyclops
  7146 | D:8      | Killed a cyclops
  7223 | D:7      | Found an iron altar of Okawaru.
  7330 | D:7      | Reached **** piety under Trog
  7404 | D:9      | Found a snail-covered altar of Cheibriados.
  7406 | D:9      | Reached skill level 11 in Armour
  7419 | D:9      | Noticed a troll
  7439 | D:9      | Killed a troll
  7442 | D:9      | Reached XP level 10. HP: 35/88 MP: 9/9
  7722 | D:9      | Noticed a seven-headed hydra
  7747 | D:9      | Killed a seven-headed hydra
  7748 | D:9      | Reached skill level 10 in Maces & Flails
  7894 | D:9      | Reached skill level 12 in Armour
  7895 | D:9      | Noticed a death knight
  8737 | D:9      | Noticed a six-headed hydra
  8739 | D:9      | Identified the cursed +2 hand crossbow of the Battered
                  | Spirits {freeze, rElec rF+ Int+4 Dex-3}
  8748 | D:9      | Noticed a centaur warrior
  8749 | D:9      | Noticed a centaur warrior
  8757 | D:9      | Killed a six-headed hydra
  8773 | D:8      | Killed a centaur warrior
  8774 | D:8      | Reached skill level 5 in Axes
  8944 | D:9      | Reached skill level 1 in Stealth
  8991 | D:9      | Killed a centaur warrior
  8992 | D:9      | Reached XP level 11. HP: 97/97 MP: 10/10
  8996 | D:9      | Killed a death knight
  9173 | D:10     | Entered Level 10 of the Dungeon
  9198 | D:10     | Noticed a boulder beetle
  9205 | D:10     | Killed a boulder beetle
  9209 | D:10     | Noticed Gastronok
  9218 | D:10     | Killed Gastronok
  9219 | D:10     | Reached skill level 10 in Fighting
  9248 | D:10     | Noticed a two-headed ogre
  9253 | D:10     | Killed from afar by an electric eel

Illustrated notes

Levels and vault maps discovered:
D:1:      lightli_arrival_statuegarden, layout_loops_corners
D:2:      layout_loops_cross, grunt_gozag_breadcrumbs
D:3:      layout_basic
D:4:      minmay_spotlight, layout_layer_cave, minmay_temple_entry_sparse_star,
          uniq_duvessa, uniq_ijyb
D:5:      layout_loops_ring, serial_shops, shop, corexii_leaking_fountain,
          grunt_ministairs_6
D:6:      layout_loops_ring, lightli_ossuary_entry_decrepit_ruins,
          fedhas_altar_1, uniq_edmund
D:7:      layout_loops_cross, okawaru_humans
D:8:      layout_rooms, serial_rivers, chequers_serial_rivers_micro_b,
          chequers_serial_rivers_micro_a, chequers_serial_rivers_large_a,
          chequers_serial_rivers_marsh, chequers_serial_rivers_small_a,
          chequers_serial_rivers_micro_b
D:9:      minmay_the_grid_square_5x5_3x3
          [minmay_the_grid_square_5x5_intrusive_squares,
          minmay_the_grid_square_5x5_inner_z, minmay_the_grid_square_5x5_plus,
          minmay_the_grid_square_5x5_tie,
          minmay_the_grid_square_5x5_megaprize_open,
          minmay_the_grid_square_5x5_half_checkered,
          minmay_the_grid_square_5x5_minimal, minmay_the_grid_square_5x5_eight,
          minmay_the_grid_square_5x5_bite], layout_cross, minivault_5,
          cheibriados_altar_2
D:10:     layout_basic, erik_lair_orcish_takeover, hangedman_decor_lopped,
          hangedman_incinerator, uniq_gastronok, uniq_josephine, uniq_sonja
Temple:   kilobyte_greek_temple

Skill      XL: |  1  2  3  4  5  6  7  8  9 10 11 |
---------------+----------------------------------+-----
Fighting       | 4 5 6 7 9 10 | 10.0
Armour         | 3 5 6 8 9 11 12 | 12.9
Axes           | 4 5 7 |  7.6
Maces & Flails | 2 3 5 7 8 9 10 | 10.9
Unarmed Combat | 1 |  1.7
Dodging        | 3 4 |  4.7
Shields        | 3 4 |  4.8
Stealth        | 1 |  1.4

Action                   |  1- 3 |  4- 6 |  7- 9 | 10-12 || total
-------------------------+-------+-------+-------+-------++-------
Melee: Whip              |    55 |   102 |   267 |   109 ||   533
       Hand axe          |     6 |       |       |    65 ||    71
       Headbutt          |    15 |    28 |    55 |    38 ||   136
       Unarmed           |       |     3 |       |       ||     3
       Punch             |       |       |     1 |       ||     1
       Battleaxe         |       |       |       |    15 ||    15
Invok: Trog's Hand       |       |       |     2 |       ||     2
       Berserk           |       |       |     1 |     3 ||     4
       Brothers in Arms  |       |       |       |     1 ||     1
Evoke: Wand              |       |       |       |     1 ||     1
  Use: Scroll            |       |       |     9 |     2 ||    11
Armor: Ring mail         |     4 |       |       |       ||     4
       Animal skin       |     2 |       |       |       ||     2
       Chain mail        |    19 |    40 |   133 |    24 ||   216
       Skin              |       |     1 |       |       ||     1
       Plate armour      |       |       |       |    70 ||    70
Dodge: Dodged            |    30 |    37 |   107 |    63 ||   237
Block: Other             |       |       |    11 |    14 ||    25
       Kite shield       |       |       |       |    79 ||    79
       Reflection        |       |       |       |     2 ||     2
